 Dungeon Crawl Stone Soup version 0.28.0-45-g0d030f2227 (console) character file.

Game seed: 6700312497844629655

4243 Zeor the Cruncher (level 10, -5/88 HPs)
             Began as a Minotaur Gladiator on Apr 5, 2022.
             Was a Follower of Wu Jian.
             Slain by a wight
             ... wielding a +6 scimitar
              (9 damage)
             ... on level 8 of the Dungeon on Apr 6, 2022.
             The game lasted 00:24:39 (6743 turns).

Zeor the Cruncher (Minotaur Gladiator)              Turns: 6743, Time: 00:24:40

Health: -5/88      AC: 12    Str: 22    XL:     10   Next: 9%
Magic:  9/9        EV: 12    Int:  5    God:    Wu Jian [*.....]
Gold:   342        SH:  0    Dex: 13    Spells: 9/9 levels left

rFire   . . .      SeeInvis .   a - +1 quarterstaff (flame)
rCold   . . .      Faith    .   (shield currently unavailable)
rNeg    + . .      Spirit   .   u - +0 scale mail {Will+}
rPois   +          Reflect  .   c - +1 hat
rElec   .          Harm     .   g - +1 cloak
rCorr   .          Rampage  .   (no gloves)
Will    +....                   h - +0 pair of boots
Stlth   ..........              e - amulet of the acrobat
HPRegen 0.24/turn               f - ring of poison resistance
MPRegen 0.11/turn               l - ring of positive energy

@: mighty
A: horns 2, retaliatory headbutt
a: Renounce Religion


You were on level 8 of the Dungeon.
You worshipped Wu Jian.
Wu Jian was aware of your devotion.
You visited 1 branch of the dungeon, and saw 8 of its levels.
You also visited: Sewer.

You collected 342 gold pieces.

Inventory:

Hand Weapons
 a - a +1 quarterstaff of flaming (weapon)
Missiles
 b - 148 bolts
 d - 3 throwing nets
 i - 19 poisoned darts
 j - 120 arrows
 y - 3 javelins (quivered)
Armour
 c - a +1 hat (worn)
 g - a +1 cloak (worn)
 h - a +0 pair of boots (worn)
 u - a +0 scale mail of willpower (worn)
Jewellery
 e - an amulet of the acrobat (around neck)
 f - a ring of poison resistance (left hand)
 l - a ring of positive energy (right hand)
 v - a ring of ice
 w - the ring "Icys Poo" {Ice rCorr}
   (You found it on level 6 of the Dungeon)

   [ring of ice]

   It enhances your ice magic.
   rF:        It makes you vulnerable to fire.
   rC:        It protects you from cold.
   rCorr:     It protects you from acid and corrosion.
 x - a ring of fire
Wands
 s - a wand of flame (24)
 z - a wand of paralysis (8)
Scrolls
 k - a scroll of fear
 o - a scroll of magic mapping
Potions
 m - a potion of flight
 n - a potion of brilliance
 p - a potion of berserk rage {unknown}
 r - a potion of curing {unknown}
 t - a potion of lignification {unknown}
 A - a potion of haste {unknown}
 B - a potion of mutation {unknown}


   Skills:
 * Level 7.8 Fighting
 + Level 13.2 Staves
 + Level 2.0 Throwing
 * Level 8.1 Armour
 + Level 5.1 Dodging
 - Level 0.3 Stealth


You had 9 spell levels left.
You didn't know any spells.
Your spell library contained the following spells:

 Spells                   Type           Power      Damage    Failure   Level
 Slow                     Hex            0%         N/A       77%         1
 Summon Small Mammal      Summ           0%         N/A       77%         1
 Ensorcelled Hibernation  Hex/Ice        0%         N/A       88%         2
 Passwall                 Tmut/Erth      0%         N/A       88%         2
 Call Canine Familiar     Summ           0%         N/A       98%         3
 Confusing Touch          Hex            0%         N/A       98%         3
 Summon Guardian Golem    Hex/Summ       0%         N/A       98%         3
 Swiftness                Air            0%         N/A       98%         3
 Vampiric Draining        Necr           0%         2d6       98%         3


Dungeon Overview and Level Annotations

Branches:
Dungeon (8/15)             Temple (0/1) D:6            Lair (0/6) D:8
  Sewer (visited)

Altars:
Elyvilon
Kikubaaqudgha
Wu Jian
Yredelemnul

Annotations:
D:6 2 runed translucent doors


Innate Abilities, Weirdness & Mutations

You have a pair of horns on your head.
You reflexively headbutt those who attack you in melee.


Message History

You sock the yak! You burn the yak.
You kill the yak!
The Council accepts your kill.
Your Dodging skill increases to level 5!
You hit the two-headed ogre. You burn the two-headed ogre.
The two-headed ogre is lightly wounded.
The two-headed ogre hits you but does no damage.
The two-headed ogre hits you with a +0 giant club!
You hit the two-headed ogre. You burn the two-headed ogre.
The two-headed ogre is lightly wounded.
You thump the two-headed ogre! You burn the two-headed ogre.
The two-headed ogre is heavily wounded.
The two-headed ogre hits you with a +0 dire flail!!
The two-headed ogre hits you with a +0 giant club!!
* * * LOW HITPOINT WARNING * * *
You feel much better.
You hit the two-headed ogre but do no damage.
The two-headed ogre is heavily wounded.
The two-headed ogre hits you with a +0 dire flail!
The two-headed ogre hits you with a +0 giant club!
* * * LOW HITPOINT WARNING * * *
You feel much better.
The two-headed ogre hits you with a +0 dire flail.
The two-headed ogre hits you with a +0 giant club!
You feel very mighty all of a sudden.
You barely miss the two-headed ogre.
The two-headed ogre is heavily wounded.
The two-headed ogre closely misses you.
The two-headed ogre hits you with a +0 giant club!!
* * * LOW HITPOINT WARNING * * *
You bludgeon the two-headed ogre!! You burn the two-headed ogre!
You kill the two-headed ogre!
The Council accepts your kill.
Your Staves skill increases to level 13!
Your Armour skill increases to level 8!
You have reached level 10!
You lunge at the wight, in a flurry of attacks.
You barely miss the wight. Your headbutt misses the wight.
You closely miss the wight. The wight hits you with a +6 scimitar!
You die...

▒▒▒▒▒▒▒▒▒▒▒▒▒▒▒▒▒▒ ▒▒▒
∙∙▒Y∙∙▒∙∙∙∙∙∙)∙∙∙∙∙▒∙∙∙∙
∙Oz∙∙∙'∙∙∙∙▒▒)∙▒∙∙∙▒∙∙▒
∙∙▒∙∙∙▒∙▒▒∙∙∙∙∙▒∙▒∙∙∙∙▒
▒▒▒▒▒∙∙∙∙∙▒▒∙∙∙▒∙∙▒∙▒
∙∙∙∙∙∙∙∙∙∙zH∙∙∙)∙∙∙▒ ∙∙
▒∙∙▒▒▒▒∙▒▒▒▒▒▒∙∙∙∙∙▒▒▒∙▒ ?
∙∙∙∙∙∙∙∙▒∙∙∙∙∙∙∙∙∙
∙∙∙∙∙∙∙∙∙∙▒∙∙∙∙∙▒▒▒▒
∙∙∙∙∙∙∙∙∙∙∙'∙∙∙∙∙▒
∙▒▒▒▒▒▒▒▒■▒▒∙∙∙∙∙▒▒▒▒▒▒▒▒▒
∙∙∙∙∙∙∙∙∙∙∙∙▒∙∙∙∙∙▒∙∙
∙∙∙∙∙∙∙∙∙∙∙∙▒∙∙∙∙∙▒∙∙
∙∙∙∙∙∙∙∙∙∙∙∙'∙∙∙∙∙▒∙∙


You could see a wight.

Vanquished Creatures
  A two-headed ogre (D:8)
  Pikel (D:7)
  A hornet (D:7)
  Grinder (D:4)
  A yak (D:8)
  2 water moccasins (D:6)
  An ice beast (D:7)
  3 sky beasts
  A black bear (D:6)
  A hornet zombie (D:6)
  An ogre (D:5)
  2 centaurs
  A lemure (D:7)
  3 bullfrogs
  2 scorpions (D:5)
  4 killer bees
  2 wights (D:8)
  3 howler monkeys
  A bullfrog skeleton (D:4)
  A bullfrog zombie (D:5)
  6 orc priests
  6 hounds
  A centaur skeleton (D:7)
  4 orc wizards
  2 scorpion zombies
  5 iguanas
  2 hound skeletons
  Robin (D:4)
  9 adders
  3 river rats (Sewer)
  2 white imps (D:7)
  An ufetubus (D:5)
  A worm (D:4)
  4 dart slugs
  36 orcs
  8 endoplasms
  10 goblins
  6 hobgoblins
  7 quokkas
  7 ball pythons
  3 bats
  5 frilled lizards
  8 kobolds
  A quokka skeleton (D:3)
  6 rats
177 creatures vanquished.

Vanquished Creatures (others)
  4 withered plants (D:3)
4 creatures vanquished.

Grand Total: 181 creatures vanquished

Notes
Turn   | Place    | Note
-------+----------+-------------------------------------------
     0 | D:1      | Zeor the Minotaur Gladiator began the quest for the Orb.
     0 | D:1      | Reached XP level 1. HP: 18/18 MP: 0/0
   185 | D:1      | Found a faded altar of an unknown god.
   429 | D:1      | Reached skill level 4 in Staves
   429 | D:1      | Reached XP level 2. HP: 25/25 MP: 1/1
  1618 | D:3      | Reached XP level 3. HP: 30/30 MP: 2/2
  1619 | D:3      | Reached skill level 1 in Armour
  1628 | D:3      | Reached XP level 4. HP: 38/38 MP: 3/3
  1670 | D:3      | Reached skill level 5 in Staves
  2467 | D:4      | Reached XP level 5. HP: 32/45 MP: 4/4
  2472 | D:4      | Reached skill level 6 in Staves
  2591 | D:4      | Found a glowing drain.
  2595 | Sewer    | Entered a sewer
  2615 | Sewer    | Reached XP level 6. HP: 51/51 MP: 5/5
  2695 | Sewer    | Reached skill level 7 in Staves
  3033 | D:4      | Noticed Grinder
  3041 | D:4      | Killed Grinder
  3042 | D:4      | Reached skill level 8 in Staves
  3042 | D:4      | Reached XP level 7. HP: 51/58 MP: 6/6
  3054 | D:4      | Noticed Robin
  3071 | D:4      | Killed Robin
  3391 | D:4      | Found a white marble altar of Elyvilon.
  3647 | D:5      | Entered Level 5 of the Dungeon
  3710 | D:5      | Reached skill level 9 in Staves
  3985 | D:5      | Reached XP level 8. HP: 62/67 MP: 7/7
  4057 | D:5      | Reached skill level 10 in Staves
  4510 | D:5      | Reached skill level 5 in Armour
  4819 | D:6      | Found an ornate altar of the Wu Jian Council.
  4827 | D:6      | Became a worshipper of the Wu Jian Council
  4940 | D:6      | Identified the ring "Icys Poo" {Ice rCorr}
  4978 | D:6      | Found a runed translucent door.
  4979 | D:6      | Found a runed translucent door.
  5024 | D:6      | Found a staircase to the Ecumenical Temple.
  5087 | D:6      | Reached skill level 5 in Fighting
  5087 | D:6      | Reached skill level 11 in Staves
  5132 | D:6      | Found a basalt altar of Yredelemnul.
  5309 | D:6      | Reached XP level 9. HP: 74/74 MP: 8/8
  5379 | D:6      | Found an ancient bone altar of Kikubaaqudgha.
  6046 | D:7      | Noticed Pikel
  6062 | D:7      | Reached * piety under Wu Jian
  6065 | D:7      | Reached skill level 12 in Staves
  6089 | D:7      | Killed Pikel
  6605 | D:8      | Found a staircase to the Lair.
  6713 | D:8      | Noticed a two-headed ogre
  6734 | D:8      | Reached skill level 5 in Dodging
  6741 | D:8      | HP: 3/79 [two-headed ogre/+0 dire flail (22)]
  6742 | D:8      | Killed a two-headed ogre
  6743 | D:8      | Reached skill level 13 in Staves
  6743 | D:8      | Reached XP level 10. HP: 4/88 MP: 9/9
  6743 | D:8      | Slain by a wight

Illustrated notes

Levels and vault maps discovered:
D:1:      amcnicky_arrival_single_pillar, layout_basic,
          shapermc_ecumenical_altar_pompeii, lemuel_flame_loot_1
D:2:      layout_basic
D:3:      layout_loops_cross, serial_undead, serial_undead_a, serial_undead_f,
          serial_undead_b, serial_undead_f, serial_undead_d, serial_undead_c,
          serial_undead_f
D:4:      layout_cave_pools, elyvilon_altar_4, serial_glass, glass_columns_b,
          glass_columns_b, glass_columns_b, glass_columns_a, glass_columns_a,
          glass_columns_b, gup_sewer_entry_bowl, kennysheep_flooded_box,
          uniq_robin, uniq_grinder
D:5:      layout_loops_corners, kennysheep_generic_room_16
D:6:      lemuel_insect_pit, layout_cave_pods,
          mainiacjoe_overflow_cross_hatched, nicolae_overflow_crystal_walls,
          overflow_temple_1_default, minmay_temple_entry_statues_pillars,
          minmay_misc_feat_rows, minmay_checkerbox
D:7:      layout_basic, serial_aquarium, aquarium_bridge_long_joined
          [aquarium_subvault_wall, aquarium_subvault_bridge,
          aquarium_subvault_wall, aquarium_subvault_bridge,
          aquarium_subvault_wall, aquarium_subvault_balcony],
          aquarium_window_fake, aquarium_window_corner, aquarium_view_2d,
          aquarium_balcony_3b, uniq_pikel
D:8:      minmay_thinvault, layout_gridville, erik_lair_island,
          nicolae_barding_shop

Skill      XL: |  1  2  3  4  5  6  7  8  9 |
---------------+----------------------------+-----
Staves         | 4 5 6 8 9 11 13 | 13.2
Fighting       | 3 4 5 7 |  7.8
Armour         | 1 2 3 4 6 8 |  8.1
Dodging        | 4 5 |  5.1
Throwing       | |  2.0
Stealth        | |  0.3

Action                   |  1- 3 |  4- 6 |  7- 9 | 10-12 || total
-------------------------+-------+-------+-------+-------++-------
Melee: Quarterstaff      |    52 |   133 |   280 |     2 ||   467
       Headbutt          |    14 |    16 |    44 |       ||    74
Invok: Lunge             |       |       |    18 |     1 ||    19
       Whirlwind         |       |       |     5 |       ||     5
  Use: Scroll            |     1 |     7 |     7 |       ||    15
       Potion            |       |     2 |     3 |       ||     5
Armor: Scale mail        |     4 |       |    60 |       ||    64
       Leather armour    |     1 |       |       |       ||     1
       Plate armour      |    15 |    72 |    17 |       ||   104
Dodge: Dodged            |    18 |    49 |   119 |       ||   186
